Map: Rhoskallian LE

Players

Tajon

  • Race: Zerg Zerg
  • League: Diamond
  • Spawn Location: 12:00

BlueMax

  • Race: Zerg Zerg
  • League: Gold
  • Spawn Location: 11:00

qqq - Winner!

  • Race: Zerg Zerg
  • Spawn Location: 5:00

Massa - Winner!

  • Race: Terran Terran
  • League: Platinum
  • Spawn Location: 6:00

VOD

Have the link to the VOD?

Description

Time

  • Played on: Oct. 9, 2020, 12:20 p.m.
  • Length: 10:38
Show
View Real Time Build Order
Export as new Build Order

Tajon Zerg 

Build Orders: Hatch First 

Get SALT Encoding   

  12  0:04  Drone  
  13  0:15  Drone  
  13  0:18  Overlord  
  14  0:37  Drone x2  
  14  0:38  Drone  
  17  0:55  Hatchery  
  16  0:57  Drone  
  16  1:02  Extractor  
  16  1:03  Drone  
  17  1:17  Spawning Pool  
  16  1:32  Drone x3  
  19  1:43  Drone  
  20  1:56  Overlord  
  20  2:03  Queen  
  20  2:07  Queen  
  24  2:08  Zergling x2  
  24  2:10  Zergling x2  
  26  2:26  Zergling x6  
  26  2:28  Metabolic Boost  
  29  2:58  Queen  
  29  3:00  Drone x5  
  29  3:01  Overlord  
  36  3:11  Baneling Nest  
  35  3:16  Drone  
  36  3:34  Queen, Spore Crawler  
  35  3:35  Drone x4, Spore Crawler  
  35  3:36  Drone  
  41  3:51  Drone x3  
  44  4:10  Hatchery  
  32  4:29  Zergling x14  
  29  4:43  Queen  
  31  4:51  Burrow  
  31  4:54  Baneling x3  
  31  4:55  Baneling x3  
  31  5:04  Drone x7  
  37  5:19  Queen  
  32  5:54  Zergling x2  
  32  5:55  Zergling x6  
  36  6:07  Overlord  
  36  6:20  Lair  
  36  6:24  Extractor  
  35  6:26  Baneling x4  
  35  6:27  Baneling  
  35  6:29  Drone x9  
  44  6:33  Extractor  
  44  6:35  Extractor  
  42  6:44  Drone  
  42  6:45  Drone  
  42  6:47  Overlord  
  44  7:06  Overlord x3  
  44  7:27  Zergling x2  
  44  7:28  Zergling x16  
  53  7:40  Zergling x2  
  53  7:42  Zergling x2  
  55  7:48  Baneling x7  
  53  8:20  Zergling x20  
  62  8:31  Centrifical Hooks  
  62  8:36  Evolution Chamber  
  62  8:39  Evolution Chamber  
  60  8:44  Hatchery  
  59  8:49  Zergling x4  
  59  8:50  Zergling x6  
  64  8:55  Overlord  
  64  8:56  Overlord  
  64  9:13  Overlord x4  
  64  9:14  Overlord  
  64  9:16  Drone x2  
  64  9:47  Zergling x2  
  64  9:48  Zergling x6  
  55  10:03  Zergling x8  
  55  10:04  Zergling x12  
  52  10:13  Spawning Pool  
Show
View Real Time Build Order
Export as new Build Order

BlueMax Zerg 

Build Orders: Hatch First 

Get SALT Encoding   

  12  0:00  Drone  
  13  0:11  Drone  
  14  0:18  Overlord  
  14  0:47  Drone x2  
  14  0:48  Drone  
  17  1:03  Drone  
  18  1:06  Hatchery  
  17  1:12  Drone  
  18  1:29  Drone  
  18  1:30  Spawning Pool  
  18  1:32  Extractor  
  17  1:38  Drone  
  18  1:46  Drone  
  19  1:57  Drone  
  20  2:04  Overlord  
  20  2:16  Drone  
  21  2:23  Roach Warren  
  21  2:25  Zergling x4  
  22  2:34  Queen  
  22  2:35  Drone  
  22  2:36  Metabolic Boost  
  25  2:39  Queen  
  27  2:47  Zergling x4  
  29  3:04  Drone x4  
  33  3:16  Extractor  
  32  3:23  Drone x2  
  34  3:30  Drone  
  34  3:31  Drone  
  34  4:02  Lair  
  34  4:03  Drone  
  34  4:04  Overlord  
  34  4:05  Overlord x3  
  33  4:19  Roach  
  35  4:26  Roach x2  
  35  4:27  Roach x5  
  45  5:13  Drone  
  45  5:33  Zergling x2  
  45  5:34  Roach x6  
  45  5:35  Roach  
  60  5:58  Drone  
  60  5:59  Drone  
  62  6:10  Hatchery  
  61  6:12  Overseer  
  61  6:13  Drone x2, Hydralisk Den  
  61  6:14  Drone  
  63  6:19  Queen  
  65  6:35  Drone  
  65  6:38  Drone x2  
  65  6:39  Overlord x5  
  68  7:01  Drone x2  
  68  7:02  Drone x2  
  68  7:06  Extractor  
  71  7:10  Extractor  
  69  7:35  Queen  
  71  7:37  Hydralisk x2  
  71  7:38  Hydralisk x8  
  91  8:02  Grooved Spines  
  91  8:11  Spore Crawler  
  90  8:19  Overlord x2  
  90  8:20  Overlord x7  
  90  8:45  Hydralisk x7  
  104  9:07  Zergling x6  
  104  9:08  Zergling x16  
  115  9:13  Muscular Augments  
  115  9:29  Hydralisk x5  
  115  9:30  Hydralisk  
  127  9:50  Hydralisk x2  
Show
View Real Time Build Order
Export as new Build Order

qqq Zerg - Winner!

Build Orders: Hatch First 

Get SALT Encoding   

  12  0:03  Drone  
  13  0:08  Drone  
  14  0:38  Hatchery  
  13  0:43  Drone  
  14  0:57  Spawning Pool  
  13  1:05  Overlord  
  13  1:09  Drone  
  14  1:13  Extractor  
  14  1:18  Drone  
  14  1:26  Drone  
  14  1:32  Drone  
  16  1:52  Queen  
  16  1:53  Queen  
  20  1:55  Drone  
  20  2:00  Drone  
  22  2:05  Drone  
  23  2:13  Drone  
  24  2:21  Spine Crawler  
  23  2:23  Zergling x2  
  25  2:30  Zergling x2  
  25  2:34  Metabolic Boost  
  25  2:42  Zergling x2  
  25  2:43  Zergling x4  
  28  3:03  Overlord x2  
  28  3:09  Lair  
  28  3:21  Zergling x8  
  32  3:27  Zergling x2  
  32  3:28  Drone  
  34  3:37  Zergling x2  
  34  3:38  Drone  
  34  3:39  Drone  
  37  3:54  Zergling x4  
  37  3:55  Drone x2, Zergling x2  
  42  4:05  Zergling x2  
  42  4:07  Zergling x2  
  43  4:20  Zergling x2  
  41  4:26  Zergling x2  
  41  4:27  Zergling x2  
  41  4:53  Zergling x2  
  41  4:54  Zergling x4  
  44  5:07  Hatchery, Drone  
  42  5:28  Hatchery  
  41  5:40  Drone x3  
  43  6:01  Spire  
  43  6:02  Drone  
  43  6:04  Spore Crawler, Hydralisk Den  
  43  6:06  Overlord x2  
  41  6:13  Extractor, Drone x2  
  41  6:14  Drone  
  41  6:17  Extractor  
  42  6:18  Extractor  
  42  6:19  Drone x4  
  42  6:20  Drone  
  46  6:46  Drone x4  
  46  6:47  Drone x3  
  53  6:49  Hydralisk x2  
  53  6:52  Drone x3  
  60  7:04  Drone x2  
  60  7:06  Drone x3  
  60  7:07  Drone x4  
  69  7:09  Drone  
  69  7:11  Zergling x2  
  70  7:32  Mutalisk  
  70  7:33  Overlord  
  70  7:34  Overlord  
  70  7:35  Zerg Flyer Weapons Level 1  
  72  7:37  Muscular Augments  
  72  7:42  Evolution Chamber, Overlord x3  
  72  7:51  Drone, Queen  
  72  7:52  Drone x2  
  72  7:53  Drone  
  72  7:55  Mutalisk  
  79  7:59  Mutalisk  
  79  8:01  Mutalisk  
  83  8:06  Hatchery  
  83  8:09  Drone x4  
  83  8:12  Mutalisk x2  
  90  8:21  Drone x4  
  90  8:22  Mutalisk  
  90  8:23  Mutalisk  
  98  8:27  Mutalisk  
  100  8:36  Mutalisk  
  100  8:40  Mutalisk  
  104  8:48  Drone  
  104  8:49  Drone x5, Mutalisk  
  104  8:52  Overlord x4  
  104  8:53  Overlord  
  112  9:09  Infestation Pit  
  111  9:10  Drone x3  
  111  9:15  Spine Crawler  
  113  9:17  Drone, Spine Crawler  
  113  9:18  Mutalisk x2  
  113  9:19  Zergling x12  
  113  9:20  Zergling x2  
  124  9:30  Mutalisk  
  126  9:31  Zergling x4  
  126  9:32  Drone, Zergling x4  
  126  9:33  Drone x5  
  136  9:51  Mutalisk x2  
  140  9:53  Drone x2, Zergling x8  
  117  10:21  Zergling x10  
Show
View Real Time Build Order
Export as new Build Order

Massa Terran - Winner!

Build Orders:  

Get SALT Encoding   

  12  0:00  SCV  
  13  0:12  SCV  
  14  0:23  Supply Depot  
  14  0:24  SCV  
  15  0:39  Refinery  
  15  0:45  SCV  
  15  0:46  Barracks  
  16  0:57  SCV  
  17  1:09  SCV  
  18  1:21  SCV  
  19  1:33  Orbital Command  
  19  1:35  Marine  
  20  1:46  Supply Depot  
  20  1:49  Factory  
  20  1:59  SCV  
  21  2:11  Barracks Reactor, SCV  
  22  2:17  Command Center  
  22  2:42  SCV  
  23  2:52  Marine x2  
  23  2:54  SCV  
  26  3:00  Starport  
  26  3:10  Barracks, Marine x2  
  28  3:15  Command Center  
  28  3:32  Supply Depot  
  28  3:37  Marine x2  
  28  3:38  Supply Depot  
  29  3:52  SCV  
  29  3:55  Marine x2  
  31  3:57  Orbital Command  
  32  4:04  Barracks Tech Lab  
  32  4:10  Medivac  
  32  4:12  SCV  
  35  4:17  Factory Tech Lab, Marine  
  35  4:19  Marine  
  37  4:24  SCV  
  38  4:35  Marine  
  38  4:36  Marauder, Marine  
  42  4:39  Siege Tank  
  42  4:41  SCV x2  
  47  4:53  SCV, Marine  
  47  4:56  Viking  
  47  4:59  SCV  
  52  5:05  SCV  
  53  5:07  Marine  
  53  5:09  Marauder  
  53  5:10  Marine  
  53  5:11  SCV  
  58  5:17  SCV  
  59  5:23  SCV  
  59  5:25  Marine  
  61  5:29  SCV  
  54  5:55  Marine x2  
  54  5:56  Siege Tank  
  59  6:01  Refinery  
  59  6:02  Refinery, SCV  
  59  6:03  SCV  
  61  6:07  Refinery  
  61  6:13  Marine x2, Supply Depot  
  61  6:14  SCV  
  61  6:15  SCV  
  61  6:16  Engineering Bay  
  65  6:27  SCV x2, Marauder  
  65  6:30  Marine  
  65  6:31  Widow Mine, Marine  
  73  6:35  Supply Depot  
  73  6:39  SCV x2  
  75  6:45  Orbital Command  
  75  6:48  Marauder, Marine x2  
  75  6:51  SCV x2, Viking  
  75  6:52  Widow Mine  
  85  7:03  SCV x2  
  85  7:06  Marine x2  
  89  7:09  Marine  
  89  7:15  SCV  
  91  7:21  Medivac  
  93  7:22  Stimpack  
  93  7:31  Supply Depot  
  93  7:32  Supply Depot  
  93  7:33  Supply Depot  
  93  7:34  Supply Depot  
  93  7:42  Missile Turret  
  93  7:44  Missile Turret  
  93  7:46  Missile Turret x2  
  93  7:47  Missile Turret  
  93  7:53  SCV x2, Marauder, Siege Tank  
  93  7:57  Supply Depot  
  100  7:58  Missile Turret  
  100  7:59  Missile Turret, Supply Depot  
  96  8:07  Missile Turret x2  
  96  8:08  Missile Turret  
  94  8:21  Marauder, Marine, Missile Turret  
  94  8:22  Marine, Missile Turret x2  
  94  8:25  Missile Turret, Siege Tank  
  94  8:26  SCV x2  
  94  8:27  SCV  
  104  8:35  Refinery  
  104  8:38  SCV x2  
  104  8:39  SCV, Marine  
  104  8:40  Marine  
  109  8:42  Marauder  
  111  8:49  Starport Tech Lab  
  111  8:50  SCV  
  111  8:51  SCV  
  111  8:52  Engineering Bay  
  111  8:55  Armory  
  113  8:57  Marine x2  
  113  9:00  Armory  
  115  9:04  Marauder  
  115  9:05  Missile Turret  
  117  9:15  Marine x2  
  119  9:17  Command Center  
  119  9:22  Command Center  
  119  9:25  Marauder  
  119  9:26  Missile Turret  
  115  9:46  Marauder  
  91  10:17  Marauder, Marine x2  
Tags
 
Add a new tag
Caveats
  • Supply blocks, unpowered buildings, or Contaminate may cause inaccurate times.
  • Supply counts are checked every 10 seconds.